 Dungeon Crawl Stone Soup version 0.22-a0-248-gc8378ba (webtiles) character file.

192 JeffiDaFish the Conjurer (level 5, -2/38 HPs)
             Began as a Draconian Conjurer on Feb 28, 2018.
             Was an Initiate of Vehumet.
             Slain by an orc warrior
             ... wielding a +0 flail
              (11 damage)
             ... on level 5 of the Dungeon.
             The game lasted 00:18:08 (5928 turns).

JeffiDaFish the Conjurer (Draconian Conjurer)       Turns: 5928, Time: 00:18:09

Health: -2/38      AC:  5    Str: 10    XL:     5   Next: 42%
Magic:  2/10       EV: 12    Int: 17    God:    Vehumet [......]
Gold:   318        SH:  0    Dex: 11    Spells: 1/11 levels left

rFire    . . .     SeeInvis .   p - +5 whip (drain)
rCold    . . .     Gourm    .   (no shield)
rNeg     . . .     Faith    .   (armour unavailable)
rPois    .         Spirit   .   (helmet restricted)
rElec    .         Reflect  .   (no cloak)
rCorr    .         Harm     .   (no gloves)
MR       .....                  (no boots)
Stlth    ++........             (no amulet)
HPRegen  0.12/turn              (no ring)
MPRegen  0.12/turn              (no ring)

@: no status effects
A: unfitting armour, cold-blooded, AC +5
a: Renounce Religion


You were on level 5 of the Dungeon.
You worshipped Vehumet.
Vehumet was noncommittal.
You were very hungry.

You visited 2 branches of the dungeon, and saw 6 of its levels.

You collected 318 gold pieces.

Inventory:

Hand Weapons
 p - a +5 whip of draining (weapon)
Armour
 l - a +0 buckler of protection
Scrolls
 e - a scroll of enchant weapon
 h - a scroll of teleportation
 i - 2 scrolls of immolation
 k - 4 scrolls of identify
 n - 3 scrolls of remove curse
Potions
 b - 3 potions of curing
 d - 2 potions of flight
 g - 2 potions of heal wounds
Comestibles
 a - 8 rations


   Skills:
 - Level 1.8 Dodging
 - Level 1.7 Stealth
 * Level 3.6 Spellcasting
 * Level 5.4 Conjurations
 + Level 1.4 Hexes


You had one spell level left.
You knew the following spells:

 Your Spells              Type           Power        Failure   Level  Hunger
a - Magic Dart            Conj           ###.         1%          1    None
b - Searing Ray           Conj           ###...       2%          2    ##.....
c - Dazzling Spray        Conj/Hex       ##....       12%         3    ###....
d - Iskenderun's Mystic   Conj           ###.....     17%         4    ####...


Dungeon Overview and Level Annotations

Branches:
Dungeon (5/15)             Temple (1/1) D:5

Altars:
Ashenzari
Cheibriados
Dithmenos
Elyvilon
Fedhas
Gozag
Kikubaaqudgha
Makhleb
Qazlal
Ru
Sif Muna
Trog
Vehumet
Wu Jian
Yredelemnul
Zin
The Shining One

Annotations:
D:3 Zephyr93's ghost, amateur DsCK


Innate Abilities, Weirdness & Mutations

Your plain brown scales are hard. (AC +5)
You cannot fit into any form of body armour.
You are cold-blooded and may be slowed by cold attacks.


Message History

Press: ? - help, Shift-Dir - straight line, f/p - orc warrior
Aim: an orc warrior, wielding a flail and wearing a plate armour (heavily wounded)
The magic dart hits the orc warrior.
The orc warrior is heavily wounded.
Okay, then.
As you read the scroll of enchant weapon, it crumbles to dust.
Your +4 whip of draining glows red for a moment.
You hit the orc warrior. You drain the orc warrior!
The orc warrior is severely wounded.
The orc warrior hits you with a flail!
You closely miss the orc warrior.
The orc warrior is severely wounded.
The orc warrior hits you with a flail.
You closely miss the orc warrior.
The orc warrior is severely wounded.
The orc warrior hits you with a flail!!
* * * LOW HITPOINT WARNING * * *
Found 23 stones.
The orc warrior hits you with a flail!
You die...

######.#.##
.#######.........#
..................#
).................# ...
..................# ....
..........####+#.##.....
..........##..(.........
..........##..o..######.
.............@......#
.#####.####.....##.# #.#
#.....# # #.# #.....#
#.# #.....# #.# #.....#
#.# #.....# #.# #......
#.#


You could see an orc warrior.

Vanquished Creatures
  A bullfrog skeleton (D:4)
  An iguana (D:4)
  A hound skeleton (D:4)
  6 adders
  A worm (D:2)
  2 dart slugs (D:2)
  4 leopard geckos
  6 orcs
  7 giant cockroaches
  3 goblins
  4 hobgoblins
  A ball python (D:4)
  7 bats
  3 frilled lizards
  5 kobolds
  10 rats
62 creatures vanquished.

Notes
Turn   | Place    | Note
-------+----------+-------------------------------------------
     0 | D:1      | JeffiDaFish the Draconian Conjurer began the quest for the Orb.
     0 | D:1      | Reached XP level 1. HP: 14/14 MP: 3/3
   508 | D:1      | Reached XP level 2. HP: 20/20 MP: 1/5
   598 | D:1      | Learned a level 2 spell: Searing Ray
  1717 | D:2      | Reached XP level 3. HP: 26/26 MP: 1/6
  1726 | D:2      | Learned a level 3 spell: Dazzling Spray
  2551 | D:3      | Noticed Zephyr93's ghost (amateur DsCK)
  2927 | D:3      | HP: 1/26 [poisoned by an adder]
  3533 | D:3      | Reached XP level 4. HP: 33/33 MP: 3/8
  3716 | D:3      | Found a deep blue altar of Sif Muna.
  3751 | D:3      | Reached skill level 5 in Conjurations
  4099 | D:4      | Reached skill level 1 in Hexes
  4385 | D:4      | Reached XP level 5. HP: 25/38 MP: 6/10
  4972 | D:5      | Entered Level 5 of the Dungeon
  4983 | D:5      | Noticed an orc warrior
  5118 | D:4      | Learned a level 4 spell: Iskenderun's Mystic Blast
  5481 | D:5      | Found a staircase to the Ecumenical Temple.
  5509 | Temple   | Entered the Ecumenical Temple
  5587 | Temple   | Became a worshipper of Vehumet
  5928 | D:5      | Slain by an orc warrior

Vault maps used:
D:1:      dpeg_arrival_prison
D:2:      minmay_misc_feat_x
D:3:      lemuel_coloured_pillars_altar
D:4:      first_ration
D:5:      temple_fountains
Temple:   compressed_dpeg_circular_temple

Skill      XL: |  1  2  3  4 |
---------------+-------------+-----
Spellcasting   | 3 |  3.6
Conjurations   | 5 |  5.4
Hexes          | 1 |  1.4
Dodging        | |  1.8
Stealth        | |  1.7

Action                   |  1- 3 |  4- 6 || total
-------------------------+-------+-------++-------
Melee: Unarmed           |    24 |       ||    24
       Dagger            |    44 |    13 ||    57
       Tailslap          |     4 |     3 ||     7
       Whip              |       |    21 ||    21
 Cast: Magic Dart        |    59 |    36 ||    95
       Searing Ray       |     6 |     5 ||    11
       Dazzling Spray    |       |     4 ||     4
       Iskenderun's Myst |       |     1 ||     1
  Use: Scroll            |     7 |     6 ||    13
       Potion            |     4 |     2 ||     6
 Stab: Sleeping          |     1 |       ||     1
  Eat: Chunk             |     8 |     8 ||    16
Armor: Skin              |    40 |    11 ||    51
Dodge: Dodged            |    47 |    24 ||    71

Table legend:
 A = Spawn XP
 B = Non-spawn XP
 C = Spawn XP percentage of total XP
 D = Spawn monster count
 E = Non-spawn monster count
 F = Spawn count percentage of total count
 G = Total turns spent on level
                    A         B        C        D         E        F      G
               +---------+---------+-------+---------+---------+-------+---------
         Total |       0 |     275 |   0.0 |       0 |      62 |   0.0 |  5928
               +---------+---------+-------+---------+---------+-------+---------
           D:1 |       0 |      17 |   0.0 |       0 |      12 |   0.0 |  1075
           D:2 |       0 |      55 |   0.0 |       0 |      22 |   0.0 |  1719
           D:3 |       0 |      58 |   0.0 |       0 |      14 |   0.0 |  1267
           D:4 |       0 |     113 |   0.0 |       0 |       7 |   0.0 |  1329
           D:5 |       0 |      32 |   0.0 |       0 |       7 |   0.0 |   371
               +---------+---------+-------+---------+---------+-------+---------
